 Dungeon Crawl Stone Soup version 0.19-a0-49-gb8736b8 (webtiles) character file.

1376 ololoev the Carver (level 8, 0/78 HPs)
             Began as a Minotaur Fighter on May 6, 2016.
             Was a Believer of Okawaru.
             Slain by a wyvern skeleton (5 damage)
             ... on level 6 of the Dungeon.
             The game lasted 00:08:05 (4530 turns).

ololoev the Carver (Minotaur Fighter)               Turns: 4530, Time: 00:08:07

Health: 0/78       AC:  9    Str: 22    XL:     8   Next: 39%
Magic:  7/9        EV: 12    Int:  3    God:    Okawaru [**....]
Gold:   232        SH:  0    Dex: 11    Spells: 0 memorised, 7 levels left

rFire  . . .     SeeInvis .     a - +0 long sword
rCold  . . .     Gourm    .     b - +0 scale mail
rNeg   . . .     Faith    .     (no shield)
rPois  .         Spirit   .     (helmet restricted)
rElec  .         Dismiss  .     (no cloak)
rCorr  .         Reflect  .     (no gloves)
SustAt .         Harm     .     (no boots)
MR     .....                    (no amulet)
Stlth  +.........               (no ring)
                                t - -2 ring of intelligence (curse)

@: about to teleport, heroism, invisible, not resistant to hostile enchantments,
very unstealthy
A: retaliatory headbutt, horns 2, robust 1, MP-powered wands, sturdy frame 1
a: Heroism, Renounce Religion


Innate Abilities, Weirdness & Mutations

You reflexively headbutt those who attack you in melee.
You have a pair of horns on your head.
You are robust (+10% HP).
You expend magic power (3 MP) to strengthen your wands.
Your movements are slightly less encumbered by armour (ER -2).

Inventory:

Hand Weapons
 a - a +0 long sword (weapon)
Armour
 b - a +0 scale mail (worn)
Jewellery
 t - a cursed -2 ring of intelligence (left hand)
 A - an uncursed ring of protection from cold {unknown}
Wands
 y - a wand of disintegration (7/24)
Scrolls
 c - 3 scrolls of noise {unknown}
 e - 3 scrolls of enchant armour {unknown}
 h - 2 scrolls of random uselessness {unknown}
 i - 8 scrolls of identify {unknown}
 j - 5 scrolls of remove curse {unknown}
 k - 7 scrolls of enchant weapon {unknown}
 m - a scroll of amnesia {unknown}
 p - a scroll of teleportation
 q - a scroll of fear {unknown}
 x - a scroll of blinking {unknown}
Potions
 d - 2 potions of might
 l - a potion of invisibility
 n - 2 potions of agility {unknown}
 o - a potion of cure mutation {unknown}
 r - a potion of magic {unknown}
 s - a potion of haste {unknown}
 u - 2 potions of mutation {unknown}
 w - 4 potions of curing {unknown}
Comestibles
 f - 2 bread rations
 g - a meat ration
 v - a beef jerky


   Skills:
 + Level 6.6(11.6) Fighting
 * Level 8.7(13.7) Long Blades
 + Level 6.5(11.5) Armour
   Level 3.6(8.6) Shields
 + Level 3.6 Invocations


You had 7 spell levels left.
You didn't know any spells.


You were on level 6 of the Dungeon.
You worshipped Okawaru.
Okawaru was pleased with you.
You were not hungry.

You visited 1 branch of the dungeon, and saw 6 of its levels.

You collected 232 gold pieces.

≈≈ #≈≈ #≈≈≈
##?###.###.#####
.#...#...#...#..#
................#
................##
................#
.....ap....p....#######
...#ppZ#...#.)........
##@###.######......
#Z≈K#≈≈≈# #......
≈.≈≈≈p≈≈≈.. #......
≈.≈≈≈≈≈≈≈≈≈≈≈# #......
#..#.≈≈≈≈≈≈≈≈≈≈#
#####.. ##
##P[.......## ##...
#...#...#.# #....
.....#..##. ##... ##..

Notes
Turn   | Place    | Note
--------------------------------------------------------------
     0 | D:1      | ololoev the Minotaur Fighter began the quest for the Orb.
     0 | D:1      | Reached XP level 1. HP: 19/19 MP: 0/0
   166 | D:1      | Reached skill level 3 in Long Blades
   166 | D:1      | Reached XP level 2. HP: 27/27 MP: 1/1
   541 | D:2      | Reached XP level 3. HP: 27/33 MP: 2/2
   573 | D:2      | Noticed Natasha
   581 | D:2      | Killed Natasha
   620 | D:2      | Reached skill level 4 in Long Blades
   791 | D:2      | Reached XP level 4. HP: 30/40 MP: 3/3
  1287 | D:2      | Found a stormy altar of Qazlal.
  1287 | D:2      | Found a blossoming altar of Fedhas.
  1609 | D:3      | Reached XP level 5. HP: 47/47 MP: 4/4
  1657 | D:3      | Found a glowing golden altar of the Shining One.
  1657 | D:3      | Found a shimmering altar of Xom.
  1666 | D:3      | Became a worshipper of the Shining One
  1783 | D:3      | Reached skill level 5 in Long Blades
  1825 | D:3      | Found a basalt altar of Yredelemnul.
  2054 | D:4      | Reached skill level 1 in Invocations
  2120 | D:4      | Found an iron altar of Okawaru.
  2130 | D:4      | Fell from the grace of the Shining One
  2130 | D:4      | Became a worshipper of Warmaster Okawaru
  2351 | D:4      | Found Xuacrius's Book Emporium.
  2383 | D:4      | Found a deep blue altar of Sif Muna.
  2384 | D:4      | Found an ancient bone altar of Kikubaaqudgha.
  2385 | D:4      | Found a radiant altar of Vehumet.
  2388 | D:4      | Identified Kikubaaqudgha's Grimoire of Darkness
  2547 | D:4      | Reached XP level 6. HP: 45/55 MP: 5/5
  2562 | D:4      | Reached skill level 5 in Fighting
  2629 | D:4      | Reached skill level 6 in Long Blades
  2629 | D:4      | Reached skill level 5 in Armour
  2637 | D:4      | Noticed Natasha
  2644 | D:4      | Killed Natasha
  2823 | D:5      | Entered Level 5 of the Dungeon
  2849 | D:5      | Reached * piety under Okawaru
  3366 | D:5      | Reached XP level 7. HP: 35/61 MP: 7/7
  3463 | D:5      | Gained mutation: You are robust (+10% HP). [mutagenic meat]
  3464 | D:5      | Gained mutation: You have sharp toenails. [mutagenic meat]
  3465 | D:5      | Gained mutation: You expend magic power (3 MP) to strengthen your wands. [mutagenic meat]
  3467 | D:5      | Gained mutation: Your movements are slightly less encumbered by armour (ER -2). [mutagenic meat]
  3468 | D:5      | Lost mutation: You have sharp toenails. [mutagenic meat]
  3469 | D:5      | ololoev: норм мутки ящитаю
  3636 | D:5      | Reached skill level 7 in Long Blades
  3887 | D:5      | Reached ** piety under Okawaru
  4113 | D:5      | Reached XP level 8. HP: 53/77 MP: 9/9
  4231 | D:6      | Reached skill level 8 in Long Blades
  4462 | D:6      | Found a staircase to the Ecumenical Temple.
  4488 | D:6      | Noticed Blork the orc
  4489 | D:6      | Noticed Prince Ribbit
  4497 | D:6      | Killed Blork the orc
  4498 | D:6      | Noticed Pikel
  4507 | D:6      | Killed Prince Ribbit
  4530 | D:6      | Slain by a wyvern skeleton

Dungeon Overview and Level Annotations

Branches:
Dungeon (6/15)             Temple (0/1) D:6

Altars:
Fedhas
Kikubaaqudgha
Okawaru
Qazlal
Sif Muna
Vehumet
Xom
Yredelemnul
The Shining One

Shops:
D:4 :

Annotations:
D:6 Pikel


Message History

Orders for allies: a - Attack new target. r - Retreat! s - Stop attacking. w - Wait here. f - Follow me.
Anything else - Stay silent.
You shout for attention!
The howler monkey skeleton hits you but does no damage.
The howler monkey skeleton closely misses you.
A worker ant comes into view.
Use which ability? (? or * to list)
You gain the combat prowess of a mighty hero.
You feel slightly more hungry. Pikel hits you with a whip of flaming.
Pikel burns you.
The howler monkey skeleton hits you but does no damage.
The howler monkey skeleton bites you. The slave misses you.
You furiously retaliate!
You headbutt the slave, but do no damage.
You hit Pikel but do no damage.
Pikel splashes around in the water.
The howler monkey skeleton barely misses you.
You furiously retaliate!
You headbutt the howler monkey skeleton!
The howler monkey skeleton barely misses you.
The slave closely misses you.
Unknown command.
You closely miss Pikel.
The howler monkey skeleton hits you but does no damage.
The howler monkey skeleton misses you. Pikel hits you with a whip of flaming!
Pikel burns you.
Unknown command.
You barely miss Pikel. You headbutt Pikel.
Pikel is lightly wounded.
The slave barely misses you. The wyvern skeleton bites you!
The slave completely misses you.
Unknown command.
You closely miss Pikel. Your headbutt misses Pikel.
Pikel is lightly wounded.
Pikel zaps a wand.
You struggle to resist.
It is a wand of disintegration.
The howler monkey skeleton hits you but does no damage.
The howler monkey skeleton misses you. The wyvern skeleton closely misses you.
You furiously retaliate!
You headbutt the wyvern skeleton. The slave hits you!
The slave barely misses you.
You slash Pikel!
Pikel is moderately wounded.
The wyvern skeleton bites you but does no damage.
Pikel zaps a wand.
You are blasted!
The howler monkey skeleton hits you but does no damage.
The howler monkey skeleton bites you but does no damage.
The slave closely misses you.
You closely miss Pikel.
Pikel is moderately wounded.
The wyvern skeleton closely misses you. You furiously retaliate!
You headbutt the wyvern skeleton, but do no damage.
The slave hits you but does no damage.
The howler monkey skeleton closely misses you.
The howler monkey skeleton bites you but does no damage.
Pikel says, "I'm sure they'll be treated well, anyway."
Pikel hits you with a whip of flaming! Pikel burns you.
Press: ? - help, v - describe, . - travel
Here: Pikel, wielding a whip of flaming, wearing a robe and carrying a wand of disintegration {zapped: 2} (moderately wounded) Some shallow water.
Unknown command.
Unknown command.
Read which item? (? for menu, Esc to quit)
As you read the scroll labeled YTSUIT YHYD, it crumbles to dust.
You feel strangely unstable.
It was a scroll of teleportation.
The slave hits you but does no damage. The wyvern skeleton closely misses you.
You furiously retaliate!
You headbutt the wyvern skeleton! The slave barely misses you.
The howler monkey skeleton barely misses you.
The howler monkey skeleton bites you but does no damage.
Pikel splashes around in the water.
Drink which item? (? for menu, Esc to quit)
It was a potion of invisibility.
You fade into invisibility!
The wyvern skeleton misses you. You furiously retaliate!
You headbutt the wyvern skeleton! The slave barely misses you.
The slave hits you but does no damage.
Pikel splashes around in the water.
The howler monkey skeleton hits you but does no damage.
The howler monkey skeleton barely misses you.
The wyvern skeleton bites you.
You die...

You could see Pikel, 4 slaves, a worker ant, a wyvern skeleton and a howler monkey skeleton.

Vanquished Creatures
  Prince Ribbit (D:6)
  2 sky beasts (D:5)
  A black bear (D:5)
  3 ogres
  Blork the orc (D:6)
  2 scorpions (D:4)
  A howler monkey (D:6)
  A crimson imp (D:5)
  A centaur zombie (D:5)
  3 hounds (D:4)
  An iguana (D:4)
  Natasha (twice) (D:2 D:4)
  2 worker ants (D:5)
  3 gnolls (D:2)
  A howler monkey skeleton (D:4)
  5 adders
  A shadow imp (D:6)
  2 oozes
  3 worms
  5 dart slugs
  5 giant geckos
  5 orcs (D:3)
  7 giant cockroaches
  5 goblins
  7 hobgoblins
  2 jackals (D:6)
  4 kobolds
  A quokka (D:3)
  A ball python skeleton (D:4)
  8 bats
  A giant gecko zombie (D:5)
  3 giant newts
  4 rats
94 creatures vanquished.

Action                   |  1- 3 |  4- 6 |  7- 9 || total
-------------------------+-------+-------+-------++-------
Melee: Long sword        |    64 |   158 |    66 ||   288
       Headbutt          |    10 |    22 |    13 ||    45
Invok: Heroism           |       |       |     2 ||     2
  Use: Scroll            |       |       |     1 ||     1
       Potion            |       |       |     1 ||     1
  Eat: Chunk             |       |     6 |     8 ||    14
       Fruit             |       |       |     4 ||     4
Armor: Scale mail        |    35 |    84 |    41 ||   160
Dodge: Dodged            |    25 |    95 |    58 ||   178

Vault maps used:
D:1:      dpeg_arrival_connections, minmay_misc_feat_x
D:2:      grunt_temple_overflow_forces_of_nature, first_bread, uniq_natasha
D:3:      nicolae_overflow_hidden_temple, minitemple
D:4:      grunt_temple_overflow_magic_moments, serial_shops, shop_statue,
          kennysheep_okawaru_gauntlet
D:6:      wad_lake_hut, grunt_temple_overflow_gold_and_silver, temple_doors_e,
          grunt_ministairs_3, hangedman_glass_teeth, amethyst_killhole,
          st_stairs_9, patterned_corridor, uniq_pikel, uniq_duvessa,
          uniq_prince_ribbit1, uniq_blork_the_orc
